 Dungeon Crawl Stone Soup version 0.18.1-48-g4cf74bf (webtiles) character file.

5 glosham the Skirmisher (level 1, -23/24 HPs)
             Began as an Ogre Abyssal Knight on July 27, 2016.
             Was a Follower of Lugonu.
             Killed from afar by a lich (47 damage)
             ... with an iron shot
             ... on level 2 of the Abyss.
             The game lasted 00:01:37 (94 turns).

glosham the Skirmisher (Ogre Abyssal Knight)          Turns: 94, Time: 00:01:37

Health: -23/24     AC:  3    Str: 16    XL:     1   Next: 80%
Magic:  2/2        EV: 10    Int: 11    God:    Lugonu [*.....]
Gold:   0          SH:  0    Dex:  9    Spells: 0 memorised, 0 levels left

rFire  . . .     SeeInvis .     a - +1 mace
rCold  . . .     Gourm    .     b - +0 robe
rNeg   . . .     Faith    .     (no shield)
rPois  .         Spirit   .     (helmet restricted)
rElec  .         Dismiss  .     (no cloak)
rCorr  .         Reflect  .     (gloves unavailable)
SustAt .         Harm     .     (boots unavailable)
MR     .....                    (no amulet)
Stlth  +.........               (no ring)
                                (no ring)

@: confused, not resistant to hostile enchantments, very unstealthy
A: unfitting armour, tough skin 1
a: Depart the Abyss, Renounce Religion


You were on level 2 of the Abyss.
You worshipped Lugonu.
Lugonu was aware of your devotion.
You were not hungry.

You visited 0 branches of the dungeon, and saw 0 of its levels.
You visited the Abyss 1 time.

Inventory:

Hand Weapons
 a - a +1 mace (weapon)
Armour
 b - a +0 robe (worn)
Comestibles
 c - a bread ration


   Skills:
 - Level 4.0 Fighting
 + Level 3.4 Maces & Flails
 - Level 2.1 Dodging
 - Level 2.0 Invocations


You couldn't memorise any spells.
You didn't know any spells.

Dungeon Overview and Level Annotations

Branches:
Dungeon (0/15)

Altars:


Innate Abilities, Weirdness & Mutations

You are too large for most types of armour.
You have tough skin (AC +1).


Message History

Found a gateway leading deeper into the Abyss.
You see here a pink potion.
d - a pink potion
There is a gateway leading deeper into the Abyss here.
You plunge deeper into the Abyss.
Found a leather armour.
The ufetubus shouts!
The ufetubus completely misses you. The ufetubus hits you.
You hit the ufetubus.
The ufetubus is moderately wounded.
The ufetubus hits you. x3; The ufetubus barely misses you.
You closely miss the ufetubus.
The ufetubus is moderately wounded.
The ufetubus hits you.
The ufetubus hits you but does no damage.
The ufetubus barely misses you. x2
You hit the ufetubus.
The ufetubus is heavily wounded.
The ufetubus hits you. The ufetubus barely misses you.
The ufetubus completely misses you. The ufetubus hits you.
* * * LOW HITPOINT WARNING * * *
You hit the ufetubus.
You kill the ufetubus!
Your Maces & Flails skill increases to level 3!
A smoke demon comes into view.
A smoke demon comes into view.
The smoke demon roars!
Found 29 gold pieces.
Found 21 sling bullets.
A lich comes into view.
The lich shouts!
The lich casts a spell.
The lich points at you and mumbles some strange words.
You are confused.
Drink which item? (? for menu, Esc to quit)
It was a potion of heal wounds.
You feel much better.
The lich points at you and mumbles some strange words.
The iron shot hits you!
Ouch! That really hurt!
You die...

...3. ##
.#.##.# .#3####
. ##.. #.# ###
..#.. #.#...#
.#.#...# .# .
###.. .
.#.#..## # .
...# #. # .
######..#.# ..
#.. .#
#..#....# . ..
$ ## ##.#L...#
.
#..#.##...##(.#
#....@### ...#
....
##..........##
...
#####.#..##. [
#.. .# ## ## #
. .. .. ##. . #


You could see a lich.

Vanquished Creatures
  An ufetubus (Abyss:2)
1 creature vanquished.

Notes
Turn   | Place    | Note
--------------------------------------------------------------
     0 | Abyss:1  | glosham the Ogre Abyssal Knight began the quest for the Orb.
     0 | Abyss:1  | Reached XP level 1. HP: 24/24 MP: 2/2
     6 | Abyss:1  | Found an ancient bone altar of Kikubaaqudgha.
    62 | Abyss:2  | Reached skill level 3 in Maces & Flails
    68 | Abyss:2  | Noticed a smoke demon
    70 | Abyss:2  | Noticed a smoke demon
    89 | Abyss:2  | Noticed a lich
    90 | Abyss:2  | Noticed a reaper
    94 | Abyss:2  | Killed from afar by a lich

Skill      XL: |  1 |
---------------+----+-----
Maces & Flails | 3 |  3.4
Fighting       | |  4.0
Dodging        | |  2.1
Invocations    | |  2.0

Action                   || total
-------------------------++-------
Melee: Mace              ||     4
  Use: Potion            ||     1
Armor: Robe              ||     1
Dodge: Dodged            ||     6

Table legend:
 A = Turns spent in this place as a percentage of turns spent in the entire game.
 B = Non-inter-level travel turns spent in this place as a percentage of non-inter-level travel turns spent in the entire game.
 C = Inter-level travel turns spent in this place as a percentage of turns spent in this place.
 D = Turns resting spent in this place as a percentage of non-inter-level travel turns spent in this place.
 E = Turns spent auto-exploring this place as a percentage of non-inter-level travel turns spent in this place.
 F = Non-inter-level travel turns spent in this place divided by the number of levels of this place that you've seen.
                   A       B       C       D       E      F
               +-------+-------+-------+-------+-------+----------------------
         Total | 100.0 | 100.0 |   0.0 |   0.0 |   0.0 |  47.5
         Abyss | 100.0 | 100.0 |   0.0 |   0.0 |   0.0 |  47.5
               +-------+-------+-------+-------+-------+----------------------

Table legend:
 A = Kills in this place as a percentage of kills in entire the game.
 B = Kills by you in this place as a percentage of kills by you in the entire game.
 C = Kills by friends in this place as a percentage of kills by friends in the entire game.
 D = Other kills in this place as a percentage of other kills in the entire game.
 E = Experience gained in this place as a percentage of experience gained in the entire game.
 F = Experience gained in this place divided by the number of levels of this place that you have seen.
                   A       B       C       D       E      F
               +-------+-------+-------+-------+-------+----------------------
         Total | 100.0 | 100.0 |  -nan |  -nan | 100.0 |   4.0
         Abyss | 100.0 | 100.0 |  -nan |  -nan | 100.0 |   4.0
               +-------+-------+-------+-------+-------+----------------------

Vault maps used:
